 Dungeon Crawl Stone Soup version 0.24.0-123-gd5b16e6ec5 (webtiles) character file.

Game seed: 12378607936439119145, levelgen mode: deterministic

163 mopl the Sneak (level 5, -3/40 HPs)
             Began as a Vampire Assassin on Feb 1, 2020.
             Slain by Crazy Yiuf
             ... wielding a +3 quarterstaff of chaos
              (14 damage)
             ... on level 4 of the Dungeon.
             The game lasted 00:03:47 (2382 turns).

mopl the Sneak (Vampire Assassin)                   Turns: 2382, Time: 00:03:48

Health: -3/40      AC:  2    Str: 17    XL:     5   Next: 20%
Magic:  3/5        EV: 12    Int: 13    God:
Gold:   149        SH:  0    Dex: 20    Spells: 4/4 levels left

rFire    . . .     SeeInvis +   u - +0 battleaxe of Reuhu {venom, Fragile Str+7 Dex+3}
rCold    . . .     Gourm    .   (shield currently unavailable)
rNeg     . . .     Faith    .   g - +0 robe
rPois    .         Spirit   .   (no helmet)
rElec    .         Reflect  .   m - scarf {cloud immunity}
rCorr    .         Harm     .   (no gloves)
MR       .....                  (no boots)
Stlth    ++++......             (no amulet)
HPRegen  0.33/turn              (no ring)
MPRegen  0.09/turn              (no ring)

@: regenerating quickly
A: no food, fangs 3, see invisible, unbreathing
a: Exsanguinate


You were on level 4 of the Dungeon.
You were alive.

You visited 1 branch of the dungeon, and saw 4 of its levels.

You collected 149 gold pieces.

Inventory:

Hand Weapons
 a - a +2 dagger
 b - a +0 hunting sling
 u - the +0 battleaxe of Reuhu (weapon) {venom, Fragile Str+7 Dex+3}
   (You found it on level 3 of the Dungeon)

   It poisons the flesh of those it strikes.
   It affects your strength (+7).
   It affects your dexterity (+3).
   It will be destroyed if unequipped.
Missiles
 d - 8 poisoned darts (quivered)
 e - 2 curare-tipped darts
 i - 62 sling bullets
 n - 145 stones
 o - 7 boomerangs
 p - 6 silver javelins
Armour
 c - a +0 cloak
 g - a +0 robe (worn)
 m - a scarf of cloud immunity (worn)
 q - a +0 shield
Scrolls
 f - 3 scrolls of enchant weapon {unknown}
 h - 5 scrolls of identify
 j - 4 scrolls of remove curse
 l - a scroll of teleportation {unknown}
 r - a scroll of magic mapping {unknown}
 s - 2 scrolls of amnesia {unknown}
 t - a scroll of fog {unknown}
 v - 2 scrolls of blinking {unknown}
Potions
 k - a potion of curing


   Skills:
 + Level 2.8 Fighting
 + Level 3.3 Short Blades
 + Level 2.5 Throwing
 - Level 1.1 Dodging
 + Level 7.0 Stealth
 + Level 1.0 Shields


You had 4 spell levels left.
You didn't know any spells.
Your spell library was empty.

Dungeon Overview and Level Annotations

Branches:
Dungeon (4/15)
 Temple: D:4-7

Altars:
Dithmenos
Uskayaw

Shops:
D:4 :

Annotations:
D:4 Crazy Yiuf


Innate Abilities, Weirdness & Mutations

You do not eat.
Your natural rate of healing is unusually fast.
You have razor-sharp teeth.
You have supernaturally acute eyesight. (SInv)
You can survive without breathing.


Message History

You see here a mace.
There is an open translucent door here.
Crazy Yiuf cries, "Goldfish sizzlefizz disdain!"
You see here a mace.
Crazy Yiuf says, "Prologue!
You sallow King."
You see here a mace.
You see here a mace.
You see here a mace.
You see here a mace.
You see here a mace.
Crazy Yiuf looks more healthy.
Crazy Yiuf says, "Powder!"
Crazy Yiuf says, "Crazy?
Crazy!?
PORCUPINE!"
There is an escape hatch in the ceiling here.
Crazy Yiuf cries, "Lay!
Pitchfork down down."
Crazy Yiuf cries, "You leg down broken song, no?"
You closely miss Crazy Yiuf.
Crazy Yiuf is almost dead.
Crazy Yiuf hits you with a +3 quarterstaff of chaos!
You die...

### #.# ####.#####
##### ..#.....# #....
#.#.###.# #.#.#
#.#.###.## #.#.#
######........###.#.#
#...@g.........<....#
#.........##..#.#.###
###.###.....##........#
..........>.##......#.#
###.###.##..##..#.##...
# #.# #.##......###....
#.####.###.........#
#....
#..)............#..#
♣..PP
#.##........#......#
♣)PP♣


You could see Crazy Yiuf.

Vanquished Creatures
  A hound (D:4)
  A bullfrog skeleton (D:4)
  2 adders (D:2)
  An ooze (D:3)
  An adder skeleton (D:4)
  3 dart slugs
  6 leopard geckos
  An orc (D:4)
  8 giant cockroaches
  9 goblins
  9 hobgoblins
  2 jackals (D:1)
  A quokka (D:2)
  A ball python zombie (D:2)
  7 bats
  A frilled lizard (D:3)
  3 kobolds
  A quokka skeleton (D:4)
  10 rats
68 creatures vanquished.

Notes
Turn   | Place    | Note
-------+----------+-------------------------------------------
     0 | D:1      | mopl the Vampire Assassin began the quest for the Orb.
     0 | D:1      | Reached XP level 1. HP: 16/16 MP: 1/1
    67 | D:1      | Reached skill level 6 in Stealth
   103 | D:1      | Reached XP level 2. HP: 22/22 MP: 2/2
   226 | D:1      | Reached XP level 3. HP: 16/27 MP: 3/3
  1093 | D:2      | Reached XP level 4. HP: 28/34 MP: 4/4
  1114 | D:2      | Found a shadowy altar of Dithmenos.
  1786 | D:3      | Got an ichor-stained battleaxe
  1792 | D:3      | Identified the cursed +0 battleaxe of Reuhu {venom, Fragile
                  | Str+7 Dex+3} (You found it on level 3 of the Dungeon)
  2111 | D:4      | Found Duceamog's Book Emporium.
  2135 | D:4      | Found a hide-covered altar of Uskayaw.
  2205 | D:4      | Reached XP level 5. HP: 14/40 MP: 5/5
  2233 | D:4      | Reached skill level 1 in Shields
  2243 | D:4      | Reached skill level 7 in Stealth
  2343 | D:4      | Found a runed translucent door.
  2344 | D:4      | Noticed Crazy Yiuf
  2353 | D:4      | HP: 1/40 [Crazy Yiuf/+3 quarterstaff of chaos (7)]
  2382 | D:4      | Slain by Crazy Yiuf

Levels and vault maps discovered:
D:1:      lightli_arrival_statuegarden, layout_loops_ring, minmay_domino_4
D:2:      layout_basic, nicolae_dithmenos_shadow_blocks, st_stairs_4
D:3:      layout_basic, minmay_checkerbox
D:4:      minmay_recursive_quarters, layout_basic, lemuel_round_altar,
          serial_shops, kennysheep_mini, shop, nicolae_shop_stone,
          uniq_crazy_yiuf_cottage

Skill      XL: |  1  2  3  4  5 |
---------------+----------------+-----
Stealth        | 6 7 |  7.0
Fighting       | 2 |  2.8
Throwing       | 2 |  2.5
Short Blades   | 3 |  3.3
Shields        | 1 |  1.0
Dodging        | |  1.1

Action                   |  1- 3 |  4- 6 || total
-------------------------+-------+-------++-------
Melee: Dagger            |   101 |    35 ||   136
       Bite              |     5 |     5 ||    10
       Battleaxe         |       |    28 ||    28
  Use: Scroll            |       |     3 ||     3
 Stab: Sleeping          |    14 |    11 ||    25
Armor: Robe              |     9 |     5 ||    14
Dodge: Dodged            |    57 |    33 ||    90
Block: Shield            |       |     7 ||     7
